Map: Frozen Temple

Players

FunK - Winner!

  • Race: Protoss Protoss
  • League: Grandmaster

Miszu

  • Race: Terran Terran
  • League: Master

VOD

Have the link to the VOD?

Description

Time

  • Played on: May 10, 2016, 10:52 a.m.
  • Length: 6:47
Show
View Real Time Build Order
Export as new Build Order

FunK Protoss - Winner!

Build Orders: 1 Gate Expand 

Get SALT Encoding   

  12  0:01  Probe (Chrono Boost)  
  13  0:12  Probe (Chrono Boost)  
  14  0:18  Pylon  
  14  0:22  Probe (Chrono Boost)  
  15  0:37  Probe (Chrono Boost)  
  15  0:39  Gateway  
  16  0:47  Probe (Chrono Boost)  
  16  0:48  Assimilator  
  17  0:58  Probe (Chrono Boost)  
  18  1:08  Probe (Chrono Boost)  
  19  1:19  Probe (Chrono Boost)  
  19  1:23  Nexus  
  20  1:34  Cybernetics Core  
  20  1:35  Probe (Chrono Boost)  
  21  1:42  Assimilator  
  21  1:46  Probe (Chrono Boost)  
  22  1:49  Pylon  
  22  1:57  Probe (Chrono Boost)  
  23  2:09  Probe (Chrono Boost)  
  23  2:15  Adept (Chrono Boost), Warp Gate  
  26  2:20  Probe  
  26  2:22  Robotics Facility  
  27  2:32  Probe  
  27  2:34  Probe (Chrono Boost)  
  29  2:39  Adept (Chrono Boost)  
  31  2:44  Probe (Chrono Boost)  
  31  2:46  Probe (Chrono Boost)  
  33  2:55  Probe (Chrono Boost)  
  33  2:57  Probe (Chrono Boost)  
  36  3:05  Probe (Chrono Boost)  
  36  3:06  Probe (Chrono Boost)  
  36  3:10  Warp Prism (Chrono Boost)  
  39  3:16  Probe x2  
  41  3:21  Gateway  
  41  3:22  Gateway  
  41  3:27  Probe  
  40  3:42  Adept  
  40  3:43  Immortal (Chrono Boost)  
  40  3:46  Gateway  
  46  3:51  Gateway  
  46  3:57  Pylon  
  46  4:03  Gateway  
  46  4:04  Gateway  
  46  4:11  Gateway  
  46  4:16  Observer (Chrono Boost), Mothership Core  
  49  4:19  Pylon  
  49  4:20  Adept  
  49  4:22  Adept  
  53  4:34  Pylon  
  53  4:35  Observer (Chrono Boost)  
  53  4:36  Pylon  
  54  4:43  Stalker x3  
  60  4:46  Stalker  
  58  5:08  Adept x2  
  58  5:09  Adept x3  
  68  5:14  Pylon  
  68  5:19  Adept x2  
  68  5:20  Adept  
  74  5:31  Adept x2  
  74  5:34  Adept x2  
  82  5:38  Adept  
  76  5:44  Probe  
  76  5:45  Probe  
  76  5:46  Warp Prism (Chrono Boost)  
  66  5:53  Adept x2  
  70  6:12  Adept x3  
  80  6:18  Adept x2  
  76  6:33  Adept x4  
  80  6:46  Adept  
  80  6:47  Adept x2  
Show
View Real Time Build Order
Export as new Build Order

Miszu Terran 

Build Orders:  

Get SALT Encoding   

  12  0:00  SCV  
  13  0:12  SCV  
  14  0:17  Supply Depot  
  14  0:24  SCV  
  15  0:39  SCV  
  15  0:41  Barracks  
  16  0:51  SCV  
  17  1:03  SCV  
  18  1:13  Command Center  
  18  1:18  SCV  
  19  1:30  Marine, Orbital Command  
  20  1:42  Barracks  
  20  1:51  Barracks  
  20  1:53  Marine  
  21  1:57  SCV  
  22  2:04  Supply Depot  
  22  2:09  SCV  
  23  2:25  Marine, SCV  
  23  2:26  Orbital Command  
  25  2:30  Marine  
  25  2:32  Refinery  
  25  2:33  Refinery  
  26  2:38  Marine  
  26  2:41  SCV  
  26  2:42  Marine  
  29  2:48  Marine  
  30  2:52  SCV  
  30  2:53  SCV  
  30  2:56  Marine  
  33  3:00  Marine  
  33  3:04  SCV  
  33  3:05  SCV  
  36  3:09  Barracks Tech Lab  
  36  3:13  Supply Depot  
  36  3:14  Marine  
  36  3:16  SCV  
  36  3:17  SCV  
  36  3:18  Marine  
  40  3:21  Bunker  
  40  3:27  Marine  
  40  3:30  Stimpack  
  40  3:32  Marine  
  42  3:36  Marine  
  42  3:40  SCV  
  44  3:43  SCV  
  44  3:45  Marine  
  46  3:49  Marine  
  46  3:52  SCV  
  46  3:54  Supply Depot, Marine  
  49  3:59  SCV  
  49  4:02  Factory  
  50  4:03  Marine  
  50  4:04  Refinery  
  50  4:07  Marine  
  50  4:09  SCV  
  53  4:12  Marine  
  53  4:16  SCV  
  55  4:17  Supply Depot  
  55  4:21  Engineering Bay, Marine, SCV  
  57  4:27  Marine  
  57  4:28  SCV  
  57  4:29  Marine  
  60  4:33  SCV  
  61  4:39  Marauder  
  61  4:40  SCV  
  61  4:45  SCV  
  65  4:48  Barracks Reactor, Starport, Factory Reactor  
  65  4:49  Barracks Tech Lab  
  65  4:53  SCV  
  62  5:01  Marauder  
  64  5:07  Marine  
  64  5:10  Barracks x2  
  64  5:12  Bunker  
  65  5:17  Concussive Shells  
  65  5:22  Marauder  
  65  5:25  Marauder  
  54  5:43  Marauder  
  54  5:48  Marine, Marauder  
  54  5:49  Marine  
  39  5:51  Medivac  
  42  5:59  Marine x2, Orbital Command  
  44  6:05  Marine, Marauder  
  44  6:08  Medivac  
  44  6:09  Marine  
  50  6:12  Marine  
Tags
 
Add a new tag
Caveats
  • Supply blocks, unpowered buildings, or Contaminate may cause inaccurate times.
  • Supply counts are checked every 10 seconds.